 Dungeon Crawl Stone Soup version 0.29.1-4-g47bece8355 (webtiles) character file.

Game seed: 4969263162148246194

73 safid the Shooter (level 4, 0/40 HPs)
             Began as a Minotaur Hunter on Dec 1, 2022.
             Slain by an orc
             ... wielding a +2 flail of protection
              (10 damage)
             ... on level 3 of the Dungeon.
             The game lasted 00:03:19 (1732 turns).

safid the Shooter (Minotaur Hunter)                 Turns: 1732, Time: 00:03:20

Health: 0/40       AC:  7    Str: 16    XL:     4   Next: 8%
Magic:  3/3        EV: 10    Int:  6    God:
Gold:   180        SH:  0    Dex: 15    Spells: 3/3 levels left

rFire   . . .      SeeInvis .   a - +0 shortbow
rCold   . . .      Faith    .   (shield currently unavailable)
rNeg    . . .      Spirit   .   j - +0 scale mail
rPois   .          Reflect  .   (helmet restricted)
rElec   .          Harm     .   e - +0 cloak
rCorr   .          Rampage  .   (no gloves)
Will    .....                   (no boots)
Stlth   ..........              (no amulet)
HPRegen 0.13/turn               (no ring)
MPRegen 0.08/turn               (no ring)

@: no status effects
A: horns 2, retaliatory headbutt
a: no special abilities


You were on level 3 of the Dungeon.
You visited 1 branch of the dungeon, and saw 3 of its levels.

You collected 180 gold pieces.

Inventory:

Hand Weapons
 a - a +0 shortbow (weapon)
Armour
 c - a +0 leather armour
 e - a +0 cloak (worn)
 j - a +0 scale mail (worn)
Scrolls
 b - a scroll of immolation
 f - 2 scrolls of amnesia {unknown}
 g - 2 scrolls of enchant weapon {unknown}
 h - a scroll of torment {unknown}
 l - a scroll of fog {unknown}
 m - a scroll of teleportation {unknown}
 n - a scroll of vulnerability {unknown}
Potions
 d - a potion of attraction {unknown}
 i - 2 potions of cancellation {unknown}
 k - a potion of brilliance {unknown}


   Skills:
 + Level 4.1 Fighting
 + Level 5.4 Ranged Weapons
 - Level 2.1 Dodging
 - Level 0.7 Stealth


You had 3 spell levels left.
You didn't know any spells.
Your spell library was empty.

Dungeon Overview and Level Annotations

Branches:
Dungeon (3/15)

Altars:
Ru


Innate Abilities, Weirdness & Mutations

You have a pair of horns on your head.
You reflexively headbutt those who attack you in melee.


Message History

The arrow hits the orc.
The orc is moderately wounded.
Something hits you but does no damage. The orc barely misses you.
You shoot an arrow. The arrow closely misses the orc.
An orc comes into view. It is wielding a +0 short sword.
You hear some strange, mumbled words.
A magic dart appears from out of thin air!
The magic dart hits you.
The orc hits you with a +2 flail of protection!
The orc hits you with a +2 flail of protection.
Something hits you but does no damage. The orc attacks as you move away!
The orc closely misses you.
You are too injured to fight recklessly!
You are too injured to fight recklessly!
You are too injured to fight recklessly!
Fire: a) +0 shortbow
Press: ? - help, Q - select action Shift-Dir - straight line, f/p - orc
Aim: an orc, wielding a +2 flail of protection and wearing a +0 leather armour (moderately wounded, 63% to hit)
You shoot an arrow.
The arrow hits the orc but does no damage.
The orc is moderately wounded.
The orc hits you with a +2 flail of protection.
Fire: a) +0 shortbow
Press: ? - help, Q - select action Shift-Dir - straight line, f/p - orc
Aim: an orc, wielding a +2 flail of protection and wearing a +0 leather armour (moderately wounded, 63% to hit)
You shoot an arrow. The arrow hits the orc.
The orc is severely wounded.
The orc hits you with a +2 flail of protection!
* * * LOW HITPOINT WARNING * * *
Fire: a) +0 shortbow
Press: ? - help, Q - select action Shift-Dir - straight line, f/p - orc
Aim: an orc, wielding a +2 flail of protection and wearing a +0 leather armour (severely wounded, 63% to hit)
You shoot an arrow.
The arrow hits the orc but does no damage.
The orc is severely wounded.
The orc misses you. The orc closely misses you.
You see here a +0 falchion.
The orc attacks as you move away!
The orc hits you with a +2 flail of protection!
You die...

## .....### ...
#......# ....
+......#
.....###......#
........o.....#
.######o#.#.)...
#....#.#.# ####
#.#.<#.#o#
#@####.#.#
#.o.{).#o#
########[# .#


You could see an orc.

Vanquished Creatures
  Robin (D:2)
  An adder (D:2)
  A worm (D:1)
  5 endoplasms (D:1)
  2 giant cockroaches (D:1)
  15 goblins
  5 hobgoblins
  A quokka (D:2)
  3 ball pythons
  A bat (D:1)
  A frilled lizard (D:1)
  3 kobolds
  8 rats
47 creatures vanquished.

Vanquished Creatures (others)
  27 plants (D:2)
27 creatures vanquished.

Grand Total: 74 creatures vanquished

Notes
Turn   | Place    | Note
-------+----------+-------------------------------------------
     0 | D:1      | safid the Minotaur Hunter began the quest for the Orb.
     0 | D:1      | Reached XP level 1. HP: 18/18 MP: 0/0
     1 | D:1      | Found a runed translucent door.
   119 | D:1      | Reached XP level 2. HP: 25/25 MP: 1/1
   323 | D:1      | Found a faded altar of an unknown god.
   460 | D:1      | Reached skill level 5 in Ranged Weapons
   460 | D:1      | Reached XP level 3. HP: 28/31 MP: 2/2
   500 | D:2      | Found a sacrificial altar of Ru.
   806 | D:2      | Noticed Robin
   835 | D:2      | Killed Robin
  1061 | D:2      | Reached XP level 4. HP: 40/40 MP: 3/3
  1732 | D:3      | Slain by an orc

Illustrated notes

Levels and vault maps discovered:
D:1:      dpeg_arrival_caged_fury, layout_rooms,
          shapermc_ecumenical_altar_mp_vishouse
D:2:      layout_basic, basic_altar, serial_bayou, serial_bayou_shore_b,
          serial_bayou_pond_e, serial_bayou_lagoon_a, serial_bayou_lake_a,
          nrook_mini_vaults, minmay_misc_feat_rows, uniq_robin
D:3:      layout_basic, serial_shops, shop, uniq_terence

Skill      XL: |  1  2  3 |
---------------+----------+-----
Fighting       | 3 4 |  4.1
Ranged Weapons | 5 |  5.4
Dodging        | |  2.1
Stealth        | |  0.7

Action                   |  1- 3 |  4- 6 || total
-------------------------+-------+-------++-------
 Fire: Shortbow          |   100 |    20 ||   120
  Use: Potion            |     1 |       ||     1
Armor: Leather armour    |     5 |       ||     5
       Scale mail        |    13 |     4 ||    17
Dodge: Dodged            |    28 |     7 ||    35
